 Dungeon Crawl Stone Soup version 0.25-b1-41-g1964123 (webtiles) character file.

Game seed: 8495158947237032360

234082 Taxman66 the Impaler (level 19, -5/134 HPs)
             Began as a Merfolk Ice Elementalist on June 8, 2020.
             Was the Champion of Hepliaklqana.
             Slain by a +4 antimagic halberd (24 damage)
             ... on level 2 of the Elven Halls on June 10, 2020.
             The game lasted 04:50:40 (49089 turns).

Taxman66 the Impaler (Merfolk Ice Elementalist)    Turns: 49089, Time: 04:50:41

Health: -5/134     AC: 19    Str: 12    XL:     19   Next: 13%
Magic:  22/35      EV: 20    Int: 17    God:    Hepliaklqana [******]
Gold:   2195       SH:  0    Dex: 16    Spells: 11/42 levels left

rFire    + + .     SeeInvis +   a - +5 bardiche of Compound Interest {speed, rPois rF+}
rCold    + . .     Gourm    .   (shield currently unavailable)
rNeg     + . .     Faith    .   Z - +0 swamp dragon scales
rPois    +         Spirit   .   P - +2 helmet {SInv}
rElec    +         Reflect  .   G - scarf {repulsion}
rCorr    .         Harm     .   J - +2 pair of gloves of the Pink Corner {rPois}
MR       ++...                  R - +2 pair of boots
Stlth    ++........             S - amulet of regeneration
HPRegen  0.72/turn              n - ring "Ceukof" {rF+ rC+ Stlth+}
MPRegen  0.24/turn              s - ring of Midnight {rElec rN+ MR+}

@: about to teleport, repel missiles
A: change form in water, swift swim, stealthy swim, reduced essence
}: 2/15 runes: decaying, gossamer
a: Recall Ancestor, Ancestor Identity, Transference, Idealise, Renounce Religion


You were on level 2 of the Elven Halls.
You worshipped Hepliaklqana.
Hepliaklqana was exalted by your worship.
You were not hungry.

You visited 7 branches of the dungeon, and saw 34 of its levels.
You also visited: Volcano.

You collected 3094 gold pieces.
You spent 899 gold pieces at shops.

Inventory:

Hand Weapons
 a - the +5 bardiche of Compound Interest (weapon) {speed, rPois rF+}
   (You acquired it on level 1 of the Lair of Beasts)

   Attacks with this weapon are significantly faster.
   It protects you from fire.
   It protects you from poison.
 b - the +3 bardiche of Sin {flame, rPois Dex+5}
   (You acquired it on level 6 of the Lair of Beasts)

   It has been specially enchanted to burn those struck by it, causing extra
   injury to most foes and up to half again as much damage against particularly
   susceptible opponents.
   Big, fiery blades are also staple armaments of hydra-hunters.
   It affects your dexterity (+5).
   It protects you from poison.
Missiles
 y - a throwing net (quivered)
Armour
 G - a scarf of repulsion (worn)
 J - the +2 pair of gloves of the Pink Corner (worn) {rPois}
   (You found it on level 10 of the Dungeon)

   It protects you from poison.
 L - a +0 pair of boots of flying
 P - a +2 helmet of see invisible (worn)
 R - a +2 pair of boots (worn)
 Z - +0 swamp dragon scales (worn)
Jewellery
 i - an uncursed ring of ice
 j - the ring "Yzow" {Wiz rF+ Int+4}
   (You took it off a deep elf archer on level 2 of the Elven Halls)

   [ring of wizardry]

   It improves your spell success rate.
   It affects your intelligence (+4).
   It protects you from fire.
 n - the ring "Ceukof" (left hand) {rF+ rC+ Stlth+}
   (You bought it in a shop on level 2 of the Orcish Mines)

   [ring of protection from fire]

   It protects you from fire.
   It protects you from cold.
   It makes you more stealthy.
 s - the ring of Midnight (right hand) {rElec rN+ MR+}
   (You found it on level 3 of the Lair of Beasts)

   [ring of protection from magic]

   It insulates you from electricity.
   It protects you from negative energy.
   It affects your resistance to hostile enchantments.
 v - an uncursed ring of resist corrosion
 B - a +4 ring of protection
 S - an amulet of regeneration (around neck)
Wands
 l - a wand of flame (23)
 D - a wand of acid (9)
 E - a wand of iceblast (21)
 H - a wand of clouds (4)
 I - a wand of paralysis (12)
 N - a wand of digging (2)
Scrolls
 d - a scroll of summoning
 p - 2 scrolls of teleportation
 q - 3 scrolls of magic mapping
 r - 13 scrolls of remove curse
 t - 5 scrolls of identify
 u - 3 scrolls of fog
 A - a scroll of fear
 O - a scroll of blinking
Potions
 c - 7 potions of lignification
 f - 6 potions of heal wounds
 g - 4 potions of stabbing
 h - 14 potions of curing
 m - 4 potions of ambrosia
 w - a potion of resistance
 x - 4 potions of invisibility
 z - 5 potions of might
 C - 4 potions of berserk rage
 F - a potion of magic
 K - a potion of flight
 M - a potion of cancellation
 T - 2 potions of brilliance
 Y - 2 potions of haste
Comestibles
 e - 37 rations
 k - 7 chunks of flesh


   Skills:
 + Level 13.1 Fighting
 - Level 20.0 Polearms
 + Level 7.8 Armour
 - Level 14.0 Dodging
 - Level 2.1 Stealth
 + Level 12.2 Spellcasting
 - Level 4.0 Conjurations
 - Level 6.0 Hexes
 - Level 7.0 Charms
 - Level 5.0 Summonings
   Level 2.6 Transmutations
 + Level 14.5 Ice Magic
 - Level 3.0 Air Magic
 - Level 8.0 Poison Magic
 - Level 9.1 Invocations


You had 11 spell levels left.
You knew the following spells:

 Your Spells              Type           Power        Failure   Level  Hunger
a - Freeze                Ice            ####         1%          1    None
b - Frozen Ramparts       Ice            ######       1%          3    None
c - Ozocubu's Armour      Chrm/Ice       #####...     1%          3    None
d - Summon Ice Beast      Ice/Summ       #####...     2%          4    ##.....
e - Metabolic Englaciati  Hex/Ice        #####.....   5%          5    ####...
h - Hailstorm             Conj/Ice       #####...     3%          4    ##.....
o - Olgreb's Toxic Radia  Pois           #####...     4%          4    ##.....
p - Poisonous Vapours     Pois/Air       ####..       2%          2    None
s - Song of Slaying       Chrm           ####....     1%          2    None
w - Spectral Weapon       Hex/Chrm       ####....     2%          3    None

Your spell library contained the following spells:

 Spells                   Type           Power        Failure   Level  Hunger
 Corona                   Hex            ####...      1%          1    None
 Infusion                 Chrm           ####         1%          1    None
 Sting                    Tmut/Pois      ####         1%          1    None
 Summon Butterflies       Summ           ####....     1%          1    None
 Summon Small Mammal      Summ           ####         1%          1    None
 Ensorcelled Hibernation  Hex/Ice        #####.       1%          2    None
 Slow                     Hex            ####....     1%          2    None
 Swiftness                Chrm/Air       ####....     2%          2    None
 Shock                    Conj/Air       ###.         3%          1    None
 Confusing Touch          Hex            ####....     3%          3    None
 Tukima's Dance           Hex            ####....     3%          3    None
 Beastly Appendage        Tmut           ###...       4%          1    None
 Shroud of Golubria       Chrm/Tloc      ###...       4%          2    None
 Spider Form              Tmut/Pois      ####......   4%          3    None
 Summon Guardian Golem    Hex/Summ       ####....     4%          3    None
 Ice Form                 Ice/Tmut       #####...     4%          4    ##.....
 Dazzling Flash           Conj/Hex       ####..       5%          3    None
 Mephitic Cloud           Conj/Pois/Air  ####....     5%          3    None
 Sticks to Snakes         Tmut           ###.....     7%          2    None
 Ignite Poison            Fire/Tmut/Pois ###.....     10%         3    None
 Static Discharge         Conj/Air       ###.....     10%         3    None
 Corpse Rot               Necr/Air       N/A          11%         2    None
 Inner Flame              Hex/Fire       ###.....     12%         3    None
 Portal Projectile        Hex/Tloc       ###...       12%         3    None
 Cause Fear               Hex            ####......   12%         4    ##.....
 Apportation              Tloc           ##....       14%         1    None
 Recall                   Summ/Tloc      N/A          14%         3    None
 Fulminant Prism          Conj/Hex       ####......   17%         4    ##.....
 Airstrike                Air            ###.......   36%         4    ##.....
 Leda's Liquefaction      Hex/Erth       ###.......   36%         4    ##.....
 Gell's Gravitas          Tloc           ##........   38%         3    None
 Lesser Beckoning         Tloc           ##........   38%         3    None
 Vampiric Draining        Necr           ##........   38%         3    None
 Alistair's Intoxication  Tmut/Pois      ####....     38%         5    ####...
 Yara's Violent Unravell  Hex/Tmut       ####......   54%         5    ####...
 Petrify                  Tmut/Erth      ##......     61%         4    ##.....
 Lightning Bolt           Conj/Air       ###.......   65%         5    ####...
 Blade Hands              Tmut           ###.......   77%         5    ####...
 Invisibility             Hex            ####....     87%         6    ######.
 Lee's Rapid Deconstruct  Erth           ##........   98%         5    ####...
 Malign Gateway           Summ/Tloc      ###.......   100%        7    #######


Dungeon Overview and Level Annotations

Branches:
Dungeon (15/15)            Temple (1/1) D:5            Lair (6/6) D:8
  Swamp (4/4) Lair:3       Spider (4/4) Lair:4        Slime (0/5) Lair:5
    Orc (2/2) D:11            Elf (2/3) Orc:2        Vaults (0/5) D:13
 Depths (0/5) D:15        Volcano (visited)

Altars:
Ashenzari
Cheibriados
Dithmenos
Elyvilon
Fedhas
Gozag
Hepliaklqana
Kikubaaqudgha
Makhleb
Nemelex Xobeh
Okawaru
Qazlal
Ru
Sif Muna
Trog
Uskayaw
Vehumet
Wu Jian
Xom
Yredelemnul
Zin
The Shining One

Shops:
D:4 }   D:7 *   D:13 ?   Orc:2 *=}}   Elf:1 :   Elf:2 (**

Annotations:
Lair:6 need dig


Message History

Xotzy hits the +3 antimagic battleaxe with a +0 dagger of draining.
The +1 halberd of distortion misses you.
The +3 antimagic battleaxe hits your spectral weapon!!
Your spectral weapon shares its damage with you!
Your spectral weapon fades away.
The +3 antimagic battleaxe closely misses Xotzy.
* * * LOW HITPOINT WARNING * * *
Xotzy hits the +3 antimagic battleaxe with a +0 dagger of draining.
As you read the scroll of teleportation, it crumbles to dust.
You feel strangely unstable.
The +1 halberd of distortion hits you from afar!
* * * LOW HITPOINT WARNING * * *
Space bends around you.
* * * LOW HITPOINT WARNING * * *
Xotzy mumbles some strange words.
The ice beast appears confused.
The deep elf knight resists with almost no effort.
The deep elf mage appears confused.
The +4 antimagic halberd hits you from afar!!
You die...

.............................
.............................
......e......................
.............................
............Y...................
................................
................................
#............(..................
#...........((@..............^.
#.........YR.e#................
#.........Y.###...............
##..........## ##....).........
###............###...............
.#..............#....)...........
.....................)...........
...##...##...##...##.....###.....
..####.####.####.####.#.''#++.#.#


You could see the friendly Xotzy the hexer (fast), a deep elf knight
(invisible), a deep elf mage (confused), an ice beast (summoned, confused), 3
dancing weapons and 2 friendly ice beasts.

Vanquished Creatures
  Bai Suzhen (Spider:3)
  A deep elf blademaster (Elf:1)
  A thorn hunter (Swamp:4)
  A tengu reaver (D:15)
  Aizul (Swamp:3)
  3 ghost moths
  5 emperor scorpions
  Louise (D:14)
  A stone giant (Volcano)
  The ghost of Opsifuid the Severer, a journeyman BaBe of Trog (Elf:2)
  Nessos (D:14)
  2 entropy weavers (Spider:1)
  6 dire elephants (Lair:6)
  The ghost of Tenaya the Fighter, a journeyman MiMo of Ru (D:11)
  2 spark wasps (Spider:4)
  A deep elf annihilator (Elf:1)
  A vault guard (D:13)
  Erolcha (D:9)
  A deep elf high priest (Elf:1)
  13 hydras
  2 shambling mangroves
  4 catoblepae
  An anaconda (Lair:6)
  4 centaur warriors
  9 alligators
  5 two-headed ogres
  13 dancing weapons
  A queen ant (Spider:1)
  The ghost of thesequoiad the Carver, a novice DsCK of Xom (D:10)
  The ghost of auberdahn the Cleaver, a novice MiBe of Trog (D:9)
  10 deep elf knights
  A fire crab (shapeshifter) (D:15)
  2 unseen horrors
  A sixfirhy (D:9)
  A deep troll (D:15)
  A fire crab (Lair:6)
  A spriggan druid (Swamp:4)
  An obsidian statue (Elf:2)
  12 swamp dragons
  A glowing orange brain (D:13)
  2 orc knights (Orc:2)
  8 deep elf archers
  24 wolf spiders
  12 orb spiders
  10 ugly things
  31 deep elf magi
  3 cyclopes
  3 centaur zombies
  3 moths of wrath
  4 manticores
  A black mamba (Lair:5)
  13 elephants
  A molten gargoyle (Volcano)
  2 gargoyles
  2 torpor snails
  2 rime drakes
  17 spiny frogs
  2 efreet
  2 freezing wraiths
  4 yaktaurs (D:15)
  6 komodo dragons
  8 demonic crawlers
  A tengu conjurer (D:14)
  A polar bear (Lair:3)
  3 tyrant leeches
  A troll (D:14)
  21 jumping spiders
  14 hornets
  10 blink frogs
  4 hippogriffs
  2 bog bodies (Swamp:2)
  12 slime creatures
  4 dream sheep (Lair:6)
  Sigmund (D:5)
  2 meliai zombies
  69 redbacks
  An air elemental (Elf:2)
  2 shadows
  25 tarantellas
  5 wyverns
  2 water elementals
  4 fire elementals
  A vampire (D:14)
  22 yaks
  6 fire bats (Volcano)
  3 wraiths (D:9)
  3 basilisks
  Grum (D:9)
  A steam dragon (D:10)
  2 hungry ghosts
  2 wargs (Orc:2)
  10 vampire mosquitoes
  25 soldier ants
  17 swamp worms
  9 water moccasins
  33 orc warriors
  Duvessa (D:7)
  10 porcupines
  2 hornet zombies
  3 ice beasts
  14 swamp drakes
  A black bear (shapeshifter) (D:15)
  3 sky beasts
  2 black bears
  8 wolves
  3 phantoms (D:11)
  An eye of draining (D:14)
  9 ogres
  16 centaurs
  5 crocodiles
  4 big kobolds
  9 bullfrogs
  A water moccasin zombie (D:5)
  Dowan (D:7)
  3 earth elementals
  A hexer (Lair:6)
  6 scorpions
  10 killer bees
  2 wights (D:8)
  An electric eel (Lair:6)
  2 howler monkeys (D:9)
  5 lava snakes (Volcano)
  5 crimson imps
  2 bullfrog zombies
  A quasit (D:14)
  5 centaur skeletons
  A gnoll shaman (D:8)
  10 orc priests
  2 bullfrog skeletons
  6 hounds
  4 jellies
  20 orc wizards
  An iguana (D:8)
  23 worker ants
  6 hell rats
  A killer bee zombie (D:9)
  A nameless horror (D:12)
  5 ogre zombies (D:11)
  2 hound skeletons
  A worker ant zombie (D:11)
  4 gnolls (D:8)
  2 howler monkey skeletons
  8 adders
  4 shadow imps
  2 oozes
  4 adder skeletons
  An adder zombie (D:9)
  4 worms
  A dart slug (D:4)
  4 leopard geckos
  63 orcs
  8 bats
  4 giant cockroaches
  4 goblins (D:1)
  6 hobgoblins
  13 jackals
  30 kobolds
  7 quokkas
  4 frilled lizards
  2 goblin skeletons (D:11)
  2 goblin zombies (D:11)
  2 leopard gecko zombies
  3 orc skeletons (D:11)
  10 orc zombies (D:11)
  6 rats
  A fungus (Lair:6)
  4 plants (Lair:6)
1018 creatures vanquished.

Vanquished Creatures (collateral kills)
  A very ugly thing (Swamp:2)
  An entropy weaver (Spider:2)
  An ettin (D:15)
  4 hydras
  A shambling mangrove (Swamp:1)
  A catoblepas (Lair:3)
  A centaur warrior (D:14)
  5 alligators
  A two-headed ogre (D:15)
  A dancing weapon (Elf:2)
  A deep elf archer (D:15)
  2 orb spiders (Spider:4)
  4 deep elf magi
  A cyclops (D:12)
  3 wolf spiders
  4 elephants
  A spiny frog (Lair:6)
  A black mamba (Lair:3)
  A gargoyle (D:12)
  The ghost of Taxman66 the Firebug, a novice HuFE (D:4)
  A komodo dragon (Lair:2)
  A yaktaur (D:15)
  A demonic crawler (Spider:4)
  3 jumping spiders
  2 polar bears (Lair:3)
  3 tyrant leeches
  A troll (D:12)
  2 blink frogs (Lair:5)
  5 hornets
  A slime creature (D:15)
  3 hippogriffs
  9 redbacks
  3 shadows
  2 tarantellas
  A wyvern (D:10)
  2 spriggans
  2 wraiths (D:9)
  An air elemental (Elf:2)
  4 yaks
  A fire bat (Volcano)
  2 basilisks
  A fire elemental (Elf:2)
  Menkaure (D:5)
  A warg (Orc:1)
  A swamp worm (Swamp:3)
  3 soldier ants (Spider:1)
  2 water moccasins
  A porcupine (Lair:1)
  2 orc warriors (Orc:2)
  A black bear (D:9)
  A sky beast (D:8)
  A necrophage (D:9)
  2 ogres
  2 wolves
  A centaur (Orc:2)
  2 big kobolds
  3 bullfrogs
  An earth elemental (Elf:1)
  A troll zombie (D:11)
  2 wights
  A bullfrog zombie (D:9)
  A lava snake (Volcano)
  A jelly (D:10)
  An orc priest (Orc:2)
  A bullfrog skeleton (D:8)
  A hound (D:10)
  2 iguanas
  9 orc wizards
  A hell rat (Lair:5)
  4 worker ants (Spider:1)
  2 adders
  2 shadow imps
  A leopard gecko (D:10)
  5 orcs
  A jackal (D:6)
  10 kobolds
  An orc zombie (D:11)
  2 butterflies (Lair:1)
  A fungus (Elf:2)
162 creatures vanquished.

Vanquished Creatures (others)
  A deep elf mage (Elf:1)
  A jumping spider (Spider:4)
  A killer bee (D:10)
  42 hexers
  7 ancestors
  10 fungi
  7 plants
  16 spectral weapons
85 creatures vanquished.

Grand Total: 1265 creatures vanquished

Notes
Turn   | Place    | Note
-------+----------+-------------------------------------------
     0 | D:1      | Taxman66 the Merfolk Ice Elementalist began the quest for
                  | the Orb.
     0 | D:1      | Reached XP level 1. HP: 13/13 MP: 3/3
   297 | D:1      | You fall into a shaft and drop 1 floor!
   332 | D:1      | Reached XP level 2. HP: 20/20 MP: 3/5
   467 | D:1      | Reached skill level 1 in Fighting
  1414 | D:2      | Reached XP level 3. HP: 23/26 MP: 3/6
  1910 | D:2      | Reached skill level 1 in Polearms
  2019 | D:2      | Found a burning altar of Makhleb.
  2312 | D:3      | Reached XP level 4. HP: 26/33 MP: 5/7
  2441 | D:3      | Reached skill level 5 in Ice Magic
  2446 | D:3      | Learned a level 3 spell: Frozen Ramparts
  2669 | D:3      | Reached skill level 2 in Polearms
  2851 | D:3      | Reached XP level 5. HP: 34/39 MP: 4/9
  3458 | D:4      | Found Jyvoas's Gadget Shoppe.
  3524 | D:4      | Noticed a phantom
  3906 | D:4      | Found an ancient bone altar of Kikubaaqudgha.
  3920 | D:4      | Reached skill level 3 in Polearms
  4030 | D:4      | Reached XP level 6. HP: 32/47 MP: 6/10
  4315 | D:4      | Found a large runed translucent door.
  4315 | D:4      | Found a large runed translucent door.
  4316 | D:4      | Noticed Taxman66's ghost (novice HuFE)
  4707 | D:5      | Entered Level 5 of the Dungeon
  4708 | D:5      | Noticed Menkaure
  4889 | D:5      | Noticed Sigmund
  4898 | D:5      | Killed Sigmund
  4898 | D:5      | Reached skill level 4 in Polearms
  5014 | D:5      | Learned a level 3 spell: Ozocubu's Armour
  5019 | D:5      | Learned a level 4 spell: Summon Ice Beast
  5053 | D:5      | Reached XP level 7. HP: 21/52 MP: 3/12
  5414 | D:5      | Found an opulent altar of Gozag.
  5422 | D:5      | Found a shattered altar of Ashenzari.
  5423 | D:5      | Found a white marble altar of Elyvilon.
  5425 | D:5      | Found an iron altar of Okawaru.
  5427 | D:5      | Found a sparkling altar of Nemelex Xobeh.
  6325 | D:5      | Reached skill level 5 in Polearms
  6325 | D:5      | Reached skill level 1 in Charms
  6337 | D:5      | Reached skill level 1 in Summonings
  6628 | D:5      | Found a staircase to the Ecumenical Temple.
  6659 | Temple   | Entered the Ecumenical Temple
  6692 | Temple   | Became a worshipper of Hepliaklqana the Forgotten
  7046 | D:6      | Reached skill level 6 in Polearms
  7046 | D:6      | Reached XP level 8. HP: 52/52 MP: 10/14
  7352 | D:6      | Found a sacrificial altar of Ru.
  7870 | D:6      | Reached skill level 5 in Dodging
  8036 | D:6      | Reached skill level 7 in Polearms
  8058 | D:6      | Learned a level 4 spell: Hailstorm
  8684 | D:7      | Reached XP level 9. HP: 46/58 MP: 15/15
  8779 | D:7      | Reached * piety under Hepliaklqana
  8805 | D:7      | Noticed Duvessa
  8808 | D:7      | Noticed Dowan
  8818 | D:7      | Killed Duvessa
  8818 | D:7      | Reached skill level 8 in Polearms
  8820 | D:7      | Found Fuuklaqu's Assorted Antiques.
  8838 | D:7      | Killed Dowan
  8878 | D:7      | Bought a bubbling grey potion for 25 gold pieces
  8878 | D:7      | Bought a blue potion for 25 gold pieces
  8878 | D:7      | Bought a fizzy yellow potion for 25 gold pieces
  8894 | D:7      | Noticed a hornet
  8904 | D:7      | Killed a hornet
  8904 | D:7      | Reached skill level 5 in Spellcasting
  9377 | D:7      | Reached skill level 9 in Polearms
 10087 | D:6      | Found a glowing silver altar of Zin.
 10088 | D:6      | Noticed an angel
 10152 | D:6      | Found a sacrificial altar of Ru.
 10346 | D:5      | Killed Menkaure
 10545 | D:4      | Killed Taxman66's ghost
 10757 | D:8      | Reached skill level 10 in Polearms
 10757 | D:8      | Reached XP level 10. HP: 63/63 MP: 14/19
 10810 | D:8      | Noticed an elephant
 10917 | D:8      | Killed an elephant
 11305 | D:8      | Found a staircase to the Lair.
 11506 | D:8      | You fall into a shaft and drop 3 floors!
 11531 | D:11     | Reached skill level 1 in Conjurations
 11581 | D:11     | Reached skill level 5 in Fighting
 11651 | D:11     | Reached ** piety under Hepliaklqana
 11653 | D:11     | Remembered your ancestor Xotzy as a hexer
 11763 | D:11     | Killed an unseen horror
 12064 | D:10     | Entered Level 10 of the Dungeon
 12096 | D:10     | Reached XP level 11. HP: 66/72 MP: 4/21
 12456 | D:9      | Noticed Grum
 12471 | D:9      | Killed Grum
 12584 | D:9      | Learned a level 1 spell: Beastly Appendage
 12593 | D:9      | Noticed a sixfirhy
 12594 | D:9      | Found a runed translucent door.
 12752 | D:9      | Found a runed translucent gate.
 12752 | D:9      | Found a runed translucent gate.
 12752 | D:9      | Found a runed translucent gate.
 12768 | D:9      | Noticed auberdahn's ghost (novice MiBe)
 12861 | D:9      | Noticed Erolcha
 12874 | D:9      | Killed Erolcha
 12874 | D:9      | Reached skill level 1 in Transmutations
 13609 | D:10     | Reached skill level 11 in Polearms
 13773 | D:10     | Reached *** piety under Hepliaklqana
 14005 | D:10     | Noticed a catoblepas
 14013 | D:10     | Noticed thesequoiad's ghost (novice DsCK)
 14042 | D:10     | Noticed a moth of wrath
 14054 | D:10     | Found a transporter.
 14069 | D:10     | Found a transporter.
 14092 | D:10     | Killed an unseen horror
 14092 | D:10     | Reached skill level 5 in Charms
 14253 | D:10     | Reached skill level 12 in Polearms
 14463 | D:10     | Learned a level 3 spell: Spectral Weapon
 14466 | D:10     | Learned a level 2 spell: Song of Slaying
 14635 | D:11     | Noticed a two-headed ogre
 14644 | D:11     | Killed a two-headed ogre
 14644 | D:11     | Reached skill level 1 in Armour
 14644 | D:11     | Reached skill level 1 in Hexes
 14939 | D:11     | Found a staircase to the Orcish Mines.
 15124 | D:11     | Reached skill level 1 in Invocations
 15145 | D:11     | Reached **** piety under Hepliaklqana
 15151 | D:11     | Found a runed translucent gate.
 15151 | D:11     | Found a runed translucent gate.
 15151 | D:11     | Found a runed translucent gate.
 15165 | D:11     | Noticed Tenaya's ghost (journeyman MiMo)
 15370 | Lair:1   | Entered Level 1 of the Lair of Beasts
 15478 | Lair:1   | Reached XP level 12. HP: 76/81 MP: 22/22
 15966 | Lair:1   | Reached skill level 13 in Polearms
 17670 | Lair:3   | Reached ***** piety under Hepliaklqana
 18101 | Lair:3   | Got a translucent wooden ring
 18139 | Lair:3   | Identified the ring of Midnight {rElec rN+ MR+} (You found
                  | it on level 3 of the Lair of Beasts)
 18324 | Lair:3   | Found a staircase to the Swamp.
 18734 | Lair:4   | Found a dark tunnel.
 18782 | Volcano  | Entered a volcano
 19115 | Volcano  | Found a bloodstained altar of Trog.
 19126 | Volcano  | Reached skill level 14 in Polearms
 19126 | Volcano  | Reached skill level 5 in Invocations
 19129 | Volcano  | Reached skill level 5 in Hexes
 19365 | Volcano  | Noticed a stone giant
 19387 | Volcano  | Killed a stone giant
 20002 | Lair:4   | Found a hole to the Spider Nest.
 20232 | Lair:4   | Reached XP level 13. HP: 86/86 MP: 23/23
 21523 | Lair:4   | Reached skill level 5 in Summonings
 22121 | Lair:5   | Found a staircase to the Slime Pits.
 22303 | Lair:5   | Reached skill level 10 in Ice Magic
 22867 | Lair:6   | Entered Level 6 of the Lair of Beasts
 23319 | Lair:6   | Identified a scroll of acquirement
 23537 | Lair:6   | Reached XP level 14. HP: 92/92 MP: 26/26
 23556 | Lair:6   | Got the +3 bardiche of Sin {flame, rPois Dex+5}
 24347 | Lair:6   | Reached skill level 10 in Dodging
 24491 | Lair:6   | Noticed a dire elephant
 24491 | Lair:6   | Noticed a dire elephant
 24506 | Lair:6   | Noticed a dire elephant
 24509 | Lair:6   | Noticed a dire elephant
 24780 | Lair:6   | Killed a dire elephant
 25074 | Lair:6   | Killed a dire elephant
 25079 | Lair:6   | Noticed a dire elephant
 25093 | Lair:6   | Killed a dire elephant
 25308 | Lair:6   | Noticed a dire elephant
 25323 | Lair:6   | Killed a dire elephant
 25408 | Lair:6   | Killed a dire elephant
 25410 | Lair:6   | Killed a dire elephant
 26427 | D:12     | Reached ****** piety under Hepliaklqana
 26633 | D:12     | Reached skill level 15 in Polearms
 28105 | D:13     | Found a gate to the Vaults.
 28286 | D:13     | Found Uvyn's Magic Scroll Shop.
 28291 | D:13     | Bought a scroll of blinking for 105 gold pieces
 28291 | D:13     | Bought a scroll of identify for 28 gold pieces
 28291 | D:13     | Bought a scroll of identify for 28 gold pieces
 28291 | D:13     | Bought a scroll of identify for 28 gold pieces
 28610 | D:14     | Noticed Nessos
 28623 | D:14     | Noticed Louise
 29389 | D:14     | Killed Nessos
 29389 | D:14     | Reached XP level 15. HP: 101/101 MP: 24/28
 29421 | D:14     | Reached skill level 10 in Spellcasting
 29511 | D:14     | Killed Louise
 29632 | D:14     | Learned a level 5 spell: Metabolic Englaciation
 29674 | D:15     | Entered Level 15 of the Dungeon
 29693 | D:15     | Found a blossoming altar of Fedhas.
 29698 | D:15     | Found a runed translucent door.
 29700 | D:15     | Noticed a tengu reaver
 29965 | D:15     | Identified the +6 quarterstaff of Incongruity {flame,
                  | Int+7}
 30692 | D:15     | Found a staircase to the Depths.
 31274 | D:15     | Reached skill level 16 in Polearms
 31415 | D:15     | Reached skill level 10 in Fighting
 31455 | D:15     | Killed a tengu reaver
 31802 | D:15     | Identified the Incunabulum of a Billion Beds
 32089 | Orc:1    | Entered Level 1 of the Orcish Mines
 32390 | Orc:2    | Entered Level 2 of the Orcish Mines
 32423 | Orc:2    | Found a staircase to the Elven Halls.
 32624 | Orc:2    | Found a burning altar of Makhleb.
 33765 | Orc:2    | Found Bygatut's Gadget Boutique.
 33765 | Orc:2    | Found Ohalima's Jewellery Shoppe.
 33765 | Orc:2    | Found Kuto's General Store.
 33769 | Orc:2    | Found Ruxe's Gadget Shop.
 33777 | Orc:2    | Bought a cursed amulet of inaccuracy for 26 gold pieces
 33784 | Orc:2    | Bought the ring "Ceukof" {rF+ rC+ Stlth+} for 543 gold
                  | pieces
 34196 | Swamp:1  | Entered Level 1 of the Swamp
 34209 | Swamp:1  | HP: 4/105 [alligator (11)]
 34988 | Swamp:1  | Reached XP level 16. HP: 111/111 MP: 30/30
 35580 | Swamp:2  | Reached skill level 5 in Armour
 36543 | Swamp:3  | Noticed Aizul
 36573 | Swamp:3  | Killed Aizul
 36573 | Swamp:3  | Reached skill level 17 in Polearms
 37120 | Swamp:3  | Learned a level 2 spell: Poisonous Vapours
 37155 | Swamp:4  | Entered Level 4 of the Swamp
 37174 | Swamp:4  | Noticed a thorn hunter
 37257 | Swamp:4  | Reached skill level 1 in Poison Magic
 37352 | Swamp:4  | Reached skill level 1 in Air Magic
 37881 | Swamp:4  | Killed a thorn hunter
 38672 | Swamp:4  | Got a decaying rune of Zot
 39024 | D:9      | Killed auberdahn's ghost
 39177 | D:10     | Reached XP level 17. HP: 119/119 MP: 15/32
 39185 | D:10     | Killed thesequoiad's ghost
 39195 | D:10     | Got a pair of spiked gloves
 39212 | D:10     | Identified the +2 pair of gloves of the Pink Corner {rPois}
                  | (You found it on level 10 of the Dungeon)
 39332 | D:11     | Killed Tenaya's ghost
 39508 | Spider:1 | Entered Level 1 of the Spider Nest
 39567 | Spider:1 | Identified the +3 leather armour "Hufuxt" {rElec Dex+2}
                  | (You found it on level 1 of the Spider Nest)
 39876 | Spider:1 | Reached skill level 18 in Polearms
 39949 | Spider:1 | Reached skill level 5 in Poison Magic
 40149 | Spider:1 | Learned a level 4 spell: Olgreb's Toxic Radiance
 42838 | Spider:3 | Reached skill level 19 in Polearms
 42937 | Spider:3 | Noticed Bai Suzhen
 43331 | Spider:3 | Killed Bai Suzhen
 43719 | Lair:1   | Got the +5 bardiche of Compound Interest {speed, rPois rF+}
 43877 | Spider:4 | Entered Level 4 of the Spider Nest
 43884 | Spider:4 | Reached XP level 18. HP: 124/126 MP: 25/33
 44814 | Spider:4 | Reached skill level 20 in Polearms
 45345 | Spider:4 | Got a gossamer rune of Zot
 45684 | Elf:1    | Entered Level 1 of the Elven Halls
 46553 | Elf:1    | Identified the Compendium of Creation
 46737 | Elf:1    | Found Jeptos's Book Emporium.
 46833 | Elf:2    | Found a runed translucent gate.
 46833 | Elf:2    | Found a runed translucent gate.
 46859 | Elf:2    | Found a runed translucent gate.
 47252 | Elf:2    | Found a runed translucent gate.
 47252 | Elf:2    | Found a runed translucent gate.
 47252 | Elf:2    | Found an opulent altar of Gozag.
 47253 | Elf:2    | Found a runed translucent gate.
 47467 | Elf:2    | Found Biudil's Antique Weapon Shoppe.
 47560 | Elf:2    | Found Ataloy's Assorted Antiques.
 47561 | Elf:2    | Found Umubof's Assorted Antiques.
 47561 | Elf:2    | Noticed Opsifuid's ghost (journeyman BaBe)
 47792 | Elf:2    | Killed Opsifuid's ghost
 47813 | Elf:2    | Identified the ring "Yzow" {Wiz rF+ Int+4}
 47928 | Elf:2    | Bought a scroll of teleportation for 66 gold pieces
 47964 | Elf:2    | Reached XP level 19. HP: 133/133 MP: 35/35
 48279 | Lair:6   | Identified the Disquisition on Supportive Evil
 49089 | Elf:2    | Slain by a +4 antimagic halberd

Illustrated notes

Levels and vault maps discovered:
D:1:      nicolae_arrival_memento_mori, layout_basic
D:2:      layout_rooms, lemuel_round_altar, first_ration, minivault_26
D:3:      minmay_diamond_boxcup, layout_rooms
D:4:      layout_loops_ring, kiku_gazebo_garden_becter, serial_shops, shop,
          ebering_ghost_disaster_area
D:5:      layout_cave_pools, minitemple, minmay_temple_entry_mini_moons,
          uniq_menkaure, uniq_sigmund
D:6:      minmay_flawed_box, layout_basic, zin_angel, basic_altar,
          minmay_joined_circles
D:7:      layout_loops_ring, serial_shops, nicolae_shop_stone, uniq_duvessa
D:8:      layout_basic, david_lair_generic, hangedman_pestilent_swarm
D:9:      cheibrodos_shockbox, layout_loops_ring, serial_undead,
          serial_undead_a, serial_undead_e, serial_undead_d, serial_undead_d,
          gammafunk_ghost_spectres, uniq_erolcha, uniq_grum
D:10:     layout_basic, gammafunk_ghost_berserking_beasts
D:11:     layout_gridville, zombieorc1_lemuel, ebering_ghost_rock_garden,
          eino_small_chamber_without_monster, kennysheep_generic_room_7
D:12:     layout_long_grid
D:13:     layout_basic, david_vaults_5, serial_shops, kennysheep_little_box
D:14:     layout_long_grid, minmay_misc_feat_chi, uniq_louise, uniq_nessos
D:15:     hangedman_depths_entry_civil_slaughter, layout_gridville,
          nicolae_water_bricks, minmay_st_funbox, fedhas_altar_2
Temple:   nicolae_temple_great_sept
Lair:1:   layout_cave_pods, lemuel_fruit_fields
Lair:2:   layout_roguey, eino_small_chamber_without_monster
Lair:3:   layout_small_grid, minmay_swamp_entry_worms, cheibrodos_lair_lostbears
Lair:4:   nzn_motion_control, layout_cave_pods, spider_nest_entry_funnel_web,
          enter_volcano_1, beast_lair_carwin_11
Lair:5:   layout_roguey, dpeg_slime_entry_corner
Lair:6:   due_jungle_book, layout_cave_shapes, grunt_megastairs_2,
          infiniplex_staircase_pool
Swamp:1:  layout_basic_swamp, evilmike_swamp_ruin_rubble_2
Swamp:2:  layout_basic_swamp, evilmike_swamp_ruin_house_3
Swamp:3:  layout_basic_swamp, evilmike_swamp_ruin_house_4,
          nicolae_swamp_dense_foliage, uniq_aizul
Swamp:4:  swamp, layout_basic_swamp
Spider:1: layout_chambers, minivault_29
Spider:2: layout_spider_delve
Spider:3: layout_spider_delve, guppyfry_hornet_nest, uniq_bai_suzhen
Spider:4: spider_rune_water, hangedman_spider_mandibles,
          nicolae_spider_cling_ruins
Orc:1:    layout_caves
Orc:2:    st_orc_rangers, layout_diamond_mine, basic_altar,
          nicolae_orc_flooded_monolith
Elf:1:    minmay_elf_arrival_summoners, layout_rooms, serial_shops, shop,
          minmay_elf_demonology
Elf:2:    layout_geoelf_diagonals, ebering_ghost_gozag, serial_shops,
          nicolae_shop_trees

Skill      XL: |  1  2  3  4  5  6  7  8  9 10 11 12 13 14 15 16 17 18 19 |
---------------+----------------------------------------------------------+-----
Fighting       | 1 2 3 4 6 7 9 10 11 12 13 | 13.1
Polearms       | 1 2 3 4 6 7 10 12 14 15 16 17 19 20 | 20.0
Ice Magic      | 5 6 8 9 10 12 13 14 | 14.5
Spellcasting   | 3 4 6 7 8 9 10 11 12 | 12.2
Dodging        | 3 4 5 6 8 9 11 12 13 14 | 14.0
Charms         | 2 3 5 6 7 |  7.0
Summonings     | 2 3 4 5 |  5.0
Conjurations   | 2 3 4 |  4.0
Transmutations | 2 |  2.6
Armour         | 1 4 5 6 7 |  7.8
Hexes          | 2 5 6 |  6.0
Invocations    | 2 5 8 9 |  9.1
Poison Magic   | 4 8 |  8.0
Air Magic      | 3 |  3.0
Stealth        | |  2.1

Action                   |  1- 3 |  4- 6 |  7- 9 | 10-12 | 13-15 | 16-18 | 19-21 || total
-------------------------+-------+-------+-------+-------+-------+-------+-------++-------
Melee: Unarmed           |     4 |       |       |       |       |       |       ||     4
       Dagger            |    18 |       |       |       |       |       |       ||    18
       Club              |     1 |       |       |       |       |       |       ||     1
       Spear             |    61 |   184 |   273 |       |       |       |       ||   518
       Trident           |       |       |    18 |   622 |  1186 |   713 |       ||  2539
       Tailslap          |       |       |       |       |    15 |    41 |       ||    56
       Bardiche          |       |       |       |       |    64 |   816 |    57 ||   937
Throw: Dart              |       |     3 |    25 |     9 |     4 |     1 |       ||    42
 Cast: Freeze            |    46 |    36 |    29 |     3 |       |       |       ||   114
       Frozen Ramparts   |       |     3 |    19 |    25 |    37 |    23 |     1 ||   108
       Summon Ice Beast  |       |       |    11 |    34 |    59 |    25 |     3 ||   132
       Hailstorm         |       |       |       |     7 |     7 |     2 |       ||    16
       Ozocubu's Armour  |       |       |       |     2 |    21 |     1 |       ||    24
       Spectral Weapon   |       |       |       |     6 |    30 |    27 |     5 ||    68
       Metabolic Englaci |       |       |       |       |     1 |     9 |       ||    10
       Poisonous Vapours |       |       |       |       |       |    56 |     1 ||    57
       Olgreb's Toxic Ra |       |       |       |       |       |    22 |     1 ||    23
       Song of Slaying   |       |       |       |       |       |     1 |       ||     1
Invok: Ancestor Identity |       |       |     1 |       |       |       |       ||     1
       Recall Ancestor   |       |       |     1 |     1 |     7 |     7 |     1 ||    17
       Ancestor Life: He |       |       |       |     1 |       |       |       ||     1
       Idealise          |       |       |       |       |     1 |     1 |       ||     2
Evoke: Wand              |       |       |       |       |     6 |       |     1 ||     7
  Use: Scroll            |     6 |     5 |     1 |    15 |    16 |    15 |     2 ||    60
       Potion            |       |       |       |     2 |     4 |     6 |       ||    12
 Stab: Sleeping          |     5 |     5 |     4 |    11 |     9 |     5 |       ||    39
       Distracted        |       |       |     2 |     6 |    16 |    18 |       ||    42
       Confused          |       |       |       |     5 |    19 |    13 |       ||    37
       Paralysed         |       |       |       |       |    16 |    55 |       ||    71
       Invisible         |       |       |       |       |       |     2 |       ||     2
       Held in net/web   |       |       |       |       |       |     1 |       ||     1
  Eat: Chunk             |     5 |     6 |    19 |    24 |    35 |    22 |     1 ||   112
       Ration            |       |     1 |     1 |     4 |     6 |     7 |     1 ||    20
Armor: Robe              |    10 |    32 |    27 |    54 |       |       |       ||   123
       Skin              |       |       |       |     4 |       |       |       ||     4
       Leather armour    |       |       |       |     6 |   111 |    17 |       ||   134
       Swamp dragon scal |       |       |       |       |       |   483 |    27 ||   510
Dodge: Dodged            |    84 |   151 |   114 |   315 |   704 |  1115 |    28 ||  2511
       Repelled          |       |       |       |       |    38 |    39 |     1 ||    78
